 Dungeon Crawl Stone Soup version 0.30-a0-165-g1891117ce2 (webtiles) character file.

Game seed: 2160992203334165763

175 qw the Chopper (level 5, -2/32 HPs)
             Began as a Gargoyle Fighter on Sept 28, 2022.
             Slain by a gnoll
             ... wielding a +0 spear
             ... led by a gnoll bouda
              (4 damage)
             ... on level 4 of the Dungeon.
             The game lasted 00:00:44 (2966 turns).

qw the Chopper (Gargoyle Fighter)                   Turns: 2966, Time: 00:00:45

Health: -2/32      AC: 10    Str: 22    XL:     5   Next: 55%
Magic:  4/5        EV:  9    Int:  8    God:
Gold:   84         SH:  4    Dex:  9    Spells: 4/4 levels left

rFire   . . .      SeeInvis .    Y - +3 war axe (vorpal)
rCold   . . .      Faith    .    c - +0 buckler
rNeg    + . .      Spirit   .    b - +0 scale mail
rPois   inf        Reflect  .    (no helmet)
rElec   +          Harm     .    (no cloak)
rCorr   .          Rampage  .    (no gloves)
Will    .....                    (no boots)
Stlth   ..........               e - amulet of regeneration
HPRegen 0.90/turn                (no ring)
MPRegen 0.09/turn                (no ring)

@: about to teleport
A: sickness immunity, AC +4, negative energy resistance 1, electricity
resistance, torment resistance 1, petrification resistance
a: no special abilities


You were on level 4 of the Dungeon.
You visited 1 branch of the dungeon, and saw 4 of its levels.

You collected 84 gold pieces.


Innate Abilities, Weirdness & Mutations

You are immune to sickness and miasma.
Your stone body is resilient. (AC +4)
You are immune to poison.
You resist negative energy. (rN+)
You are resistant to electric shocks. (rElec)
You are resistant to unholy torment.
You are immune to petrification.


   Skills:
 - Level 3.2 Fighting
 + Level 4.9 Axes
 - Level 1.0 Throwing
 - Level 3.2 Armour
 - Level 3.2 Shields


You had 4 spell levels left.
You didn't know any spells.
Your spell library was empty.

Inventory:

Hand Weapons
 l - a +0 whip
 Y - a +3 vorpal war axe (weapon)
Missiles
 j - 5 boomerangs (quivered)
Armour
 b - a +0 scale mail (worn)
 c - a +0 buckler (worn)
Jewellery
 e - an amulet of regeneration (around neck)
 g - a ring of fire
Scrolls
 f - 2 scrolls of teleportation
 h - a scroll of fear {unknown}
Potions
 a - a potion of flight {unknown}
 d - a potion of might
 i - a potion of lignification {unknown}
 k - a potion of brilliance {unknown}
 n - a potion of resistance {unknown}
 p - a potion of attraction {unknown}
 q - a potion of heal wounds {unknown}

Dungeon Overview and Level Annotations

Branches:
Dungeon (4/15)
 Temple: D:4-7

Altars:
Makhleb
Ru
Trog


Message History

The hound closely misses you.
You hit the hound.
The hound is almost dead.
You closely miss the gnoll bouda. The hound bites you but does no damage.
A gnoll comes into view. It is wielding a +0 spear.
The gnoll bouda hits you with a +0 club!
The hound barely misses you.
You completely miss the hound.
The hound is almost dead.
You hit the gnoll bouda. The hound bites you but does no damage.
The gnoll bouda hits you with a +0 club!
The hound bites you but does no damage.
The gnoll bouda hits you but does no damage.
The gnoll barely misses you. You block the gnoll's attack.
You closely miss the hound.
The hound is almost dead.
You hit the gnoll bouda but do no damage.
Your attacks no longer feel as feeble.
The hound misses you.
The gnoll bouda hits you with a +0 club.
The hound closely misses you. The gnoll hits you but does no damage.
The gnoll hits you from afar with a +0 spear.
You hit the hound.
You kill the hound!
You hit the gnoll bouda.
The gnoll bouda hits you but does no damage.
The gnoll hits you from afar with a +0 antimagic spear.
You feel your power leaking away. The gnoll hits you but does no damage.
You block the gnoll's attack. The gnoll hits you with a +0 flail!
The gnoll bouda barks out a call to the hunt!
The gnoll picks up the pace!
2966 ||| READING 3 scrolls of teleportation.
As you read the scroll of teleportation, it crumbles to dust.
You feel strangely unstable. The gnoll barely misses you.
The gnoll closely misses you.
The gnoll hits you from afar with a +0 spear.
You die...

########....
#...........
##.#####..... #..#
#......
###.#####.#....
#..........#### #
##.#........#
#####g###..#........#
(....gg@............#
...#.gg#.###........#
#...#:..###........#
#.. ##..##.........#
...
...##......###.... ##
..#.........# ....
...#..##.....# ....
..............# ...
..............# ..


You could see a gnoll bouda and 4 gnolls.

Vanquished Creatures
  A hound (D:4)
  Terence (D:2)
  An iguana (D:4)
  5 adders
  2 worms (D:2)
  An orc (D:4)
  4 endoplasms
  3 giant cockroaches
  5 goblins
  3 hobgoblins
  2 jackals (D:2)
  2 kobolds
  A quokka (D:2)
  6 ball pythons
  4 bats
  3 frilled lizards
  3 rats
47 creatures vanquished.

Notes
Turn   | Place    | Note
-------+----------+-------------------------------------------
     0 | D:1      | qw the Gargoyle Fighter began the quest for the Orb.
     0 | D:1      | Reached XP level 1. HP: 14/14 MP: 1/1
     0 | D:1      | 0 ||| qw: Version: 0.2-a-12-gaebbb33
     0 | D:1      | 0 ||| qw: Game counter: 931
     0 | D:1      | 0 ||| qw: Always use a shield: true
     0 | D:1      | 0 ||| qw: God list: Okawaru
     0 | D:1      | 0 ||| qw: Allow faded altars: false
     0 | D:1      | 0 ||| qw: Do Orc after D:15 true
     0 | D:1      | 0 ||| qw: Do second Lair branch before Depths: true
     0 | D:1      | 0 ||| qw: Lair rune preference: random
     0 | D:1      | 0 ||| qw: Plans: Normal, Zot:1-4, God:TSO, Crypt, Tomb,
                  | Pan, Slime:5, Hells, Abyss, Orb
     0 | D:1      | 0 ||| PLANNING D:1-11
    80 | D:1      | Reached skill level 2 in Axes
    97 | D:1      | 97 ||| Stepping ~*~*~tactically~*~*~ (stealth).
    98 | D:1      | 98 ||| Stepping ~*~*~tactically~*~*~ (stealth).
   221 | D:1      | Reached XP level 2. HP: 13/19 MP: 2/2
   939 | D:1      | 939 ||| READING scroll labelled OBRUON PEFIMME.
   940 | D:1      | 940 ||| READING 2 scrolls labelled QUMIUS NEMADIHURCH.
   944 | D:1      | 944 ||| READING scroll labelled LYSTOA WAUDONK.
   963 | D:2      | 963 ||| STAIRDANCE
   976 | D:2      | 976 ||| STAIRDANCE
  1190 | D:2      | Reached skill level 3 in Axes
  1225 | D:2      | Reached XP level 3. HP: 23/23 MP: 3/3
  1250 | D:2      | 1250 ||| Stepping ~*~*~tactically~*~*~ (stealth).
  1273 | D:2      | Noticed Terence
  1281 | D:2      | Killed Terence
  1345 | D:2      | Reached XP level 4. HP: 19/28 MP: 4/4
  1357 | D:2      | 1357 ||| FLEEEEING.
  1358 | D:2      | 1358 ||| FLEEEEING.
  1363 | D:2      | 1363 ||| FLEEEEING.
  1633 | D:2      | 1633 ||| SWAPPING to +2 vorpal war axe.
  1634 | D:2      | 1634 ||| DROPPING +0 vorpal war axe.
  1854 | D:2      | 1854 ||| UPGRADING to amulet of regeneration.
  1859 | D:2      | 1859 ||| READING scroll labelled HUODOD FYWOMO.
  1860 | D:2      | 1860 ||| READING scroll labelled IGAIMONGIY.
  1861 | D:2      | 1861 ||| READING scroll labelled GOTEHU WIO.
  1862 | D:2      | 1862 ||| READING scroll labelled CENUETI ELUT.
  1961 | D:3      | Reached skill level 1 in Throwing
  2095 | D:3      | Reached skill level 4 in Axes
  2144 | D:3      | 2144 ||| DROPPING +0 club.
  2262 | D:3      | Found a faded altar of an unknown god.
  2267 | D:3      | Found a sacrificial altar of Ru.
  2396 | D:3      | Found a burning altar of Makhleb.
  2396 | D:3      | Found a bloodstained altar of Trog.
  2460 | D:3      | Identified the +6 dagger of Risk Management {venom, Dex+6}
  2840 | D:3      | 2840 ||| READING scroll labelled QOER MOUNKAGG.
  2889 | D:4      | Reached XP level 5. HP: 32/32 MP: 5/5
  2965 | D:4      | HP: 1/32 [gnoll/+0 flail[a gnoll bouda] (8)]
  2966 | D:4      | 2966 ||| READING 3 scrolls of teleportation.
  2966 | D:4      | Slain by a gnoll

Levels and vault maps discovered:
D:1:      psy_arrival_radial01, layout_basic, shapermc_ecumenical_altar_petra,
          st_stairs_4
D:2:      layout_basic, hangedman_abyss_or_decor_lesser_grid, moated_statue,
          uniq_terence
D:3:      layout_basic, nicolae_overflow_ecumenical_swirl,
          mainiacjoe_overflow_divided_tiny
D:4:      layout_rooms, uniq_pikel

Skill      XL: |  1  2  3  4 |
---------------+-------------+-----
Axes           | 2 3 4 |  4.9
Throwing       | 1 |  1.0
Fighting       | |  3.2
Armour         | |  3.2
Shields        | |  3.2

Action                   |  1- 3 |  4- 6 || total
-------------------------+-------+-------++-------
Melee: War axe           |    71 |    43 ||   114
Throw: Boomerang         |    11 |     6 ||    17
       Javelin           |     3 |    24 ||    27
  Use: Scroll            |     3 |     6 ||     9
Armor: Scale mail        |    31 |    29 ||    60
Dodge: Dodged            |    33 |    23 ||    56
Block: Buckler           |    13 |    11 ||    24

Table legend:
 A = Non-vault XP
 B = Vault XP
 C = Vault XP percentage of total XP
 D = Non-vault monster count
 E = Vault monster count
 F = Vault count percentage of total count
                 A         B        C        D         E       F
            +---------+---------+-------+---------+---------+-------
      Total |     213 |      38 |  15.1 |      44 |       3 |   6.4
            +---------+---------+-------+---------+---------+-------
        D:1 |      20 |       2 |   9.1 |      14 |       2 |  12.5
        D:2 |      35 |      36 |  50.7 |      16 |       1 |   5.9
        D:3 |      60 |       0 |   0.0 |       8 |       0 |   0.0
        D:4 |      98 |       0 |   0.0 |       6 |       0 |   0.0
            +---------+---------+-------+---------+---------+-------
